 Dungeon Crawl Stone Soup version 0.31-a0-750-gfe7b580527 (webtiles) character file.

Game seed: 9824691572770089947

3710 Newt the Fighter (level 9, -22/99 HPs)
             Began as a Demonspawn Gladiator on Sept 14, 2023.
             Was a Follower of Hepliaklqana.
             Annihilated by a phantasmal warrior (34 damage)
             ... led by a death knight
             ... on level 9 of the Dungeon.
             The game lasted 00:07:34 (6996 turns).

Newt the Fighter (Demonspawn Gladiator)             Turns: 6996, Time: 00:07:35

Health: -22/99     AC:  5    Str: 17    XL:     9   Next: 91%
Magic:  9/9        EV: 16    Int: 14    God:    Hepliaklqana [*.....]
Gold:   413        SH:  5    Dex: 16    Spells: 8/8 levels left

rFire   . . .        L - +9 war axe "Ifurilytto" {flame, Will+}
rCold   + + +        (no shield)
rNeg    + . .        b - +0 leather armour
rPois   .            (helmet restricted)
rElec   .            (no cloak)
rCorr   .            f - +0 pair of gloves
SInv    .            y - +0 pair of boots
Will    ++...        t - amulet "Rudy Gaydo" {Reflect -Tele rC+++ rN+ Int+4 SH+5} Stlth
                     (no ring)
HPRegen 0.36/turn    (no ring)
MPRegen 0.11/turn

%: no teleportation, reflection
@: berserking, slowed, invisible
A: reduced essence, horns 2, demonic guardian 2, weakness stinger 1, demonic
touch 1, hooves 1, strong-willed 1, mutation resistance 1
a: Renounce Religion, Recall Ancestor, Ancestor Identity


You were on level 9 of the Dungeon.
You worshipped Hepliaklqana.
Hepliaklqana was aware of your devotion.
You visited 2 branches of the dungeon, and saw 10 of its levels.
You also visited: Sewer and Ossuary.

You collected 413 gold pieces.

Inventory:

Hand Weapons
 a - a +0 rapier
 x - the +6 short sword "Tormentor" {freeze, Will+ Stlth+}
   (You found it on level 5 of the Dungeon)

   Will+:     It increases your willpower.
   Stlth+:    It makes you more stealthy.
 L - the +9 war axe "Ifurilytto" (weapon) {flame, Will+}
   (You found it on level 9 of the Dungeon)

   Will+:     It increases your willpower.
Missiles
 d - 2 throwing nets (quivered)
 e - a javelin
 m - 14 poisoned darts
 r - 6 boomerangs
Armour
 b - a +0 leather armour (worn)
 c - a +0 helmet
 f - a +0 pair of gloves (worn)
 y - a +0 pair of boots (worn)
Jewellery
 i - an amulet of magic regeneration
 l - an amulet of guardian spirit
 t - the amulet "Rudy Gaydo" (around neck) {Reflect -Tele rC+++ rN+ Int+4 SH+5}
   (You acquired it on level 6 of the Dungeon)

   [amulet of reflection]

   Reflect:   It reflects blocked missile attacks.
   Int+4:     It affects your intelligence (+4).
   rC+++:     It renders you almost immune to cold.
   rN+:       It protects you from negative energy.
   -Tele:     It prevents most forms of teleportation.
   SH+5:      It affects your SH (+5).
 F - a ring of ice
Wands
 H - a wand of mindburst (17)
Scrolls
 g - 2 scrolls of amnesia
 k - 3 scrolls of noise
 q - 3 scrolls of enchant weapon
 u - 2 scrolls of teleportation
 z - 2 scrolls of revelation {unknown}
 A - 2 scrolls of vulnerability {unknown}
 B - 2 scrolls of silence {unknown}
 E - a scroll of brand weapon {unknown}
 J - a scroll of fear {unknown}
 K - a scroll of fog {unknown}
 M - a scroll of identify
Potions
 h - 3 potions of degeneration
 j - a potion of invisibility
 n - 2 potions of might
 o - 5 potions of mutation
 p - a potion of attraction
 s - 8 potions of curing
 v - a potion of heal wounds
 w - a potion of berserk rage
 C - a potion of brilliance {unknown}
 D - a potion of haste {unknown}
 G - a potion of experience {unknown}
 I - a potion of lignification {unknown}


   Skills:
 - Level 8.0 Fighting
 - Level 8.0 Short Blades
 + Level 2.9 Axes
 - Level 1.7 Throwing
 - Level 8.0 Dodging


You had 8 spell levels left.
You didn't know any spells.
Your spell library contained the following spells:

 Spells                   Type           Power      Damage    Failure   Level
 Apportation              Tloc           0%         N/A       34%         1
 Kiss of Death            Conj/Necr      0%         2d5       34%         1
 Necrotise                Necr           0%         1d4       34%         1
 Ensorcelled Hibernation  Hex/Ice        0%         N/A       47%         2
 Jinxbite                 Hex            0%         N/A       47%         2
 Confusing Touch          Hex            0%         N/A       71%         3
 Vampiric Draining        Necr           0%         2d6       71%         3
 Anguish                  Hex/Necr       0%         N/A       98%         4
 Dispel Undead            Necr           0%         3d6       98%         4
 Agony                    Necr           0%         N/A       100%        5
 Alistair's Intoxication  Tmut/Pois      0%         N/A       100%        5


Dungeon Overview and Level Annotations

Branches:
Dungeon (9/15)             Temple (1/1) D:7            Lair (0/5) D:8
  Sewer (visited)         Ossuary (visited)
    Orc: D:9-12

Altars:
Ashenzari
Cheibriados
Dithmenos
Fedhas
Gozag
Hepliaklqana
Kikubaaqudgha
Makhleb
Nemelex Xobeh
Okawaru
Qazlal
Ru
Sif Muna
Trog
Uskayaw
Vehumet
Wu Jian
Xom
Yredelemnul

Shops:
D:3 =   D:6 [


Innate Abilities, Weirdness & Mutations

Your life essence is reduced to manifest your ancestor. (-10% HP)
You have a pair of horns on your head.
A demonic guardian rushes to your aid.
You have a small tail.
Your touch may inflict minor irresistible damage on your foes.
You have large cloven feet.
You are strong-willed. (Will+)
You are somewhat resistant to further mutation.


Message History

Your orange demon hits the phantasmal warrior!
Unknown command.
Unknown command.
You slash the freezing wraith! You burn the freezing wraith.
The freezing wraith is heavily damaged.
You block the freezing wraith's attack.
The freezing wraith hits you but does no damage.
The phantasmal warrior hits your orange demon!!!
Your orange demon completely misses the phantasmal warrior.
Your orange demon barely misses the phantasmal warrior.
You hit the freezing wraith. You burn the freezing wraith.
The freezing wraith is severely damaged.
The freezing wraith hits you! The freezing wraith freezes you. You resist.
The freezing wraith hits you! The freezing wraith drains your vigour!
You feel as though you will be slow longer.
The phantasmal warrior gestures at you.
The phantasmal warrior blinks!
The freezing wraith hits you. The freezing wraith freezes you. You resist.
The freezing wraith hits you!
* * * LOW HITPOINT WARNING * * *
The freezing wraith drains your vigour!
You feel as though you will be slow longer.
The phantasmal warrior gestures at you.
The phantasmal warrior blinks!
Unknown command.
You hit the freezing wraith. You burn the freezing wraith.
Your headbutt misses the freezing wraith.
The freezing wraith is almost destroyed.
The freezing wraith completely misses you.
The freezing wraith closely misses you.
Your orange demon stings the phantasmal warrior but does no damage.
Your orange demon closely misses the phantasmal warrior.
You slash the phantasmal warrior! You burn the phantasmal warrior.
The phantasmal warrior is heavily damaged.
You closely miss the freezing wraith. The freezing wraith hits you!
* * * LOW HITPOINT WARNING * * *
The freezing wraith freezes you. You resist.
* * * LOW HITPOINT WARNING * * *
The freezing wraith completely misses you.
The phantasmal warrior hits you!!
You die...

#### #..............#
.....###..............# .
......................#.#
.....#...............##..
......)......Wp.##.#.....
.......).W...............
#'##....W....W...........
#...pW#######.........
#..4.@# ..............
#..§W.# ...####.#####.
#......# .. #.# #.#....#
. #.# ........# #.######
.#.##...# #......# #.
....# #......# # ###..#
#......# #.......


You could see a death knight (reflects damage, unable to see you), a phantasmal
warrior (ally target), 2 freezing wraiths, a wraith and a friendly orange demon
(summoned, weak-willed).

Vanquished Creatures
  2 wargs (D:8)
  4 water moccasins
  3 ice beasts
  An orc warrior (D:8)
  A sky beast (D:7)
  An ogre (D:6)
  3 centaurs
  2 phantoms (D:4)
  A kobold brigand (D:8)
  A gnoll sergeant (D:6)
  4 bullfrogs
  2 scorpions (D:4)
  A wight (D:9)
  6 howler monkeys
  A lava snake (D:7)
  3 centaur zombies (Ossuary)
  A jelly (D:6)
  An orc priest (D:6)
  2 gnoll boudas
  A sleepcap (D:4)
  3 orc wizards
  2 iguanas
  4 hound zombies (Ossuary)
  3 mummies (Ossuary)
  3 adders (D:3)
  5 gnolls
  2 shadow imps
  2 white imps
  3 adder zombies (Ossuary)
  A worm (D:4)
  A dart slug (D:1)
  16 orcs
  A bat (D:3)
  5 endoplasms
  8 giant cockroaches
  3 gnoll zombies (Ossuary)
  6 goblins
  8 hobgoblins
  8 jackals
  6 kobolds
  5 quokkas
  5 ball pythons
  7 frilled lizards
  5 goblin zombies (Ossuary)
  2 hobgoblin zombies (Ossuary)
  5 jackal zombies (Ossuary)
  3 kobold zombies (Ossuary)
  An orc zombie (Ossuary)
  2 quokka zombies (Ossuary)
  3 rats
  5 rat zombies (Ossuary)
174 creatures vanquished.

Vanquished Creatures (collateral kills)
  A two-headed ogre (D:9)
  4 gnolls
  A worm (D:5)
  3 endoplasms
  A jackal (D:2)
  A quokka (D:4)
11 creatures vanquished.

Vanquished Creatures (others)
  A human (D:8)
  An ancestor (D:9)
2 creatures vanquished.

Grand Total: 187 creatures vanquished

Notes
Turn   | Place    | Note
-------+----------+-------------------------------------------
     0 | D:1      | Newt the Demonspawn Gladiator began the quest for the Orb.
     0 | D:1      | Reached XP level 1. HP: 16/16 MP: 1/1
   143 | D:1      | Gained mutation: A weak demonic guardian rushes to your
                  | aid. [demonic ancestry]
   143 | D:1      | Reached XP level 2. HP: 23/23 MP: 2/2
   764 | D:2      | Gained mutation: A demonic guardian rushes to your aid.
                  | [demonic ancestry]
   764 | D:2      | Reached XP level 3. HP: 28/29 MP: 3/3
  1409 | D:3      | Discovered your monstrous ancestry.
  1409 | D:3      | Gained mutation: Your touch may inflict minor irresistible
                  | damage on your foes. [demonic ancestry]
  1409 | D:3      | Reached XP level 4. HP: 20/38 MP: 4/4
  1442 | D:3      | Found a glowing drain.
  1603 | D:3      | Reached skill level 5 in Fighting
  1634 | D:3      | Found a radiant altar of Vehumet.
  1841 | Sewer    | Entered a sewer
  1894 | Sewer    | Noticed a water moccasin
  1901 | Sewer    | Killed a water moccasin
  1902 | Sewer    | Gained mutation: You have a small tail. [demonic ancestry]
  1902 | Sewer    | Reached XP level 5. HP: 39/44 MP: 3/5
  2250 | D:3      | Found a transporter.
  2250 | D:3      | Found Oxuca's Jewellery Boutique.
  2278 | D:3      | Found a transporter.
  2449 | D:4      | Found a broken altar of Ashenzari.
  2464 | D:3      | Reached XP level 6. HP: 27/51 MP: 2/6
  2889 | D:4      | Reached skill level 5 in Dodging
  2889 | D:4      | Gained mutation: You have a pair of small horns on your
                  | head. [demonic ancestry]
  2889 | D:4      | Reached XP level 7. HP: 45/56 MP: 5/7
  3218 | D:5      | Entered Level 5 of the Dungeon
  3530 | D:5      | Found an iron altar of Okawaru.
  3722 | D:5      | Found a snail-covered altar of Cheibriados.
  3807 | D:5      | Identified the +6 short sword "Tormentor" {freeze, Will+
                  | Stlth+}
  3811 | D:5      | Found a shadowy altar of Dithmenos.
  4165 | D:6      | Found a sand-covered staircase.
  4170 | Ossuary  | Entered an ossuary
  4527 | D:6      | Identified a scroll of acquirement
  4527 | D:6      | Acquired the amulet "Rudy Gaydo" {Reflect -Tele rC+++ rN+
                  | Int+4 SH+5}
  4586 | D:6      | Gained mutation: You have a pair of horns on your head.
                  | [demonic ancestry]
  4586 | D:6      | Reached XP level 8. HP: 51/68 MP: 8/8
  5015 | D:6      | Found Ciuginlo's Armour Emporium.
  5255 | D:6      | Reached skill level 5 in Short Blades
  5620 | D:7      | Found a blossoming altar of Fedhas.
  5670 | D:7      | Found a staircase to the Ecumenical Temple.
  5687 | Temple   | Entered the Ecumenical Temple
  5717 | Temple   | Became a worshipper of Hepliaklqana the Forgotten
  5756 | D:7      | Found a sparkling altar of Nemelex Xobeh.
  6007 | D:7      | Reached XP level 9. HP: 28/74 MP: 9/9
  6190 | D:8      | Found an ancient bone altar of Kikubaaqudgha.
  6550 | D:8      | Gained mutation: You have large cloven feet. [potion of
                  | mutation]
  6550 | D:8      | Gained mutation: You are strong-willed. (Will+) [potion of
                  | mutation]
  6550 | D:8      | Gained mutation: You are somewhat resistant to further
                  | mutation. [potion of mutation]
  6565 | D:8      | Found a staircase to the Lair.
  6625 | D:8      | Reached * piety under Hepliaklqana
  6925 | D:9      | Identified the +9 war axe "Ifurilytto" {flame, Will+}
  6951 | D:9      | Noticed a two-headed ogre
  6958 | D:9      | Killed a two-headed ogre
  6976 | D:9      | Noticed a death knight
  6980 | D:9      | Noticed a freezing wraith
  6981 | D:9      | Noticed a phantasmal warrior
  6982 | D:9      | Noticed a freezing wraith
  6996 | D:9      | Annihilated by a phantasmal warrior

Illustrated notes

Levels and vault maps discovered:
D:1:      dpeg_arrival_tiny_a, layout_loops_cross
D:2:      layout_rooms
D:3:      layout_basic, overflow_temple_1_default, serial_shops,
          nicolae_shop_drivethru, gup_sewer_entry_pipe
D:4:      layout_cave_pools, mainiacjoe_overflow_cross_hatched,
          nicolae_tso_swordbearing_angel
D:5:      layout_basic, mainiacjoe_overflow_six_doors_small,
          mainiacjoe_overflow_brackets, lemuel_coloured_pillars_altar
D:6:      layout_cave_pods, nicolae_ossuary_entry_false_entrances, serial_shops,
          shop, minivault_14
D:7:      layout_cave_pools, mainiacjoe_overflow_catch_the_wave,
          temple_fountains
D:8:      layout_gridville, tgw_kikubaaqudgha, erik_lair_orcish_takeover
D:9:      layout_basic, special_room [special_room_orc], dk_vineyard_3,
          st_stairs_12
Temple:   oiseaux_autumnal_temple

Skill      XL: |  1  2  3  4  5  6  7  8  9 |
---------------+----------------------------+-----
Fighting       | 3 4 5 7 8 |  8.0
Short Blades   | 4 7 8 |  8.0
Dodging        | 3 5 8 |  8.0
Axes           | 2 |  2.9
Throwing       | |  1.7

Action                     |  1- 3 |  4- 6 |  7- 9 || total
---------------------------+-------+-------+-------++-------
  Melee: Rapier            |   137 |   137 |    33 ||   307
         Punch             |     1 |     2 |     4 ||     7
         Touch             |       |    26 |    41 ||    67
         Tailslap          |       |    11 |    44 ||    55
         Short sword       |       |       |   236 ||   236
         Headbutt          |       |       |    65 ||    65
         War axe           |       |       |     9 ||     9
  Throw: Javelin           |     1 |       |       ||     1
         Dart              |       |     2 |       ||     2
         Throwing net      |       |       |     2 ||     2
    Use: Scroll            |     3 |     5 |     5 ||    13
         Potion            |       |       |     5 ||     5
   Stab: Distracted        |       |     1 |     2 ||     3
         Sleeping          |       |       |     3 ||     3
 Armour: Leather armour    |    70 |    83 |   145 ||   298
  Dodge: Dodged            |    79 |    78 |   130 ||   287
  Block: Other             |       |       |    36 ||    36
         Reflection        |       |       |     1 ||     1

Table legend: (Time is in decaauts)
 A = Elapsed time spent in this place.
 B = Non-inter-level travel time spent in this place.
 C = Inter-level travel time spent in this place.
 D = Time resting spent in this place.
 E = Time spent auto-exploring this place.
 F = Levels seen in this place.
 G = Mean time per level.
                   A        B        C        D        E       F      G
               +--------+--------+--------+--------+--------+-----+--------+
         Total |   6974 |   6667 |    307 |    554 |   4926 |  12 |  581.2 |
       Dungeon |   6420 |   6172 |    248 |    554 |   4600 |   9 |  713.3 |
        Temple |     60 |      1 |     59 |      0 |      0 |   1 |   60.0 |
         Sewer |    156 |    156 |      0 |      0 |    105 |   1 |  156.0 |
       Ossuary |    337 |    337 |      0 |      0 |    220 |   1 |  337.0 |
               +--------+--------+--------+--------+--------+-----+--------+

Top non-repeatable levels by time:
     D:3: 1261 daAuts
     D:6: 955 daAuts
     D:5: 859 daAuts
     D:8: 695 daAuts
     D:1: 672 daAuts
     D:7: 666 daAuts
     D:4: 641 daAuts
     D:2: 530 daAuts
 Ossuary: 337 daAuts
   Sewer: 156 daAuts
     D:9: 139 daAuts
  Temple: 60 daAuts
